 Dungeon Crawl Stone Soup version 0.27-a0-1147-gb3d8e82157 (webtiles) character file.

Game seed: 1239917386564128492

895 HoaS the Grappler (level 7, -7/93 HPs)
             Began as a Troll Hunter on May 11, 2021.
             Was a Follower of Okawaru.
             Mangled by Duvessa
             ... wielding a +0 rapier
              (18 damage)
             ... on level 4 of the Dungeon.
             The game lasted 00:13:23 (4170 turns).

HoaS the Grappler (Troll Hunter)                    Turns: 4170, Time: 00:13:24

Health: -7/93      AC:  5    Str: 21    XL:     7   Next: 78%
Magic:  8/8        EV: 10    Int:  7    God:    Okawaru [*.....]
Gold:   1067       SH:  0    Dex: 12    Spells: 6/6 levels left

rFire    . . .     SeeInvis .     - Unarmed
rCold    . . .     Faith    .   (no shield)
rNeg     . . .     Spirit   .   b - +1 robe
rPois    .         Reflect  .   (helmet restricted)
rElec    .         Harm     .   (no cloak)
rCorr    .         Rampage  .   (gloves unavailable)
Will     +....                  (boots unavailable)
Stlth    ..........             (no amulet)
HPRegen  1.25/turn              e - ring of willpower
MPRegen  0.11/turn              (no ring)

@: berserking, very quick
A: large, unfitting armour, claws 3, regeneration 1, shaggy fur 1, tough skin 1
a: Renounce Religion, Heroism


You were on level 4 of the Dungeon.
You worshipped Okawaru.
Okawaru was aware of your devotion.
You visited 1 branch of the dungeon, and saw 5 of its levels.
You also visited: Sewer.

You collected 1067 gold pieces.

Inventory:

Missiles
 c - 5 large rocks
 d - a throwing net
 g - 237 stones
 h - 51 sling bullets
 l - 8 boomerangs (quivered)
 m - 16 poisoned darts
 r - 3 curare-tipped darts
Armour
 b - a +1 robe (worn)
Jewellery
 e - a ring of willpower (left claw)
Scrolls
 k - a scroll of teleportation
 q - a scroll of acquirement
Potions
 a - 3 potions of might
 i - a potion of haste
 j - 2 potions of heal wounds
 n - a potion of flight
 o - a potion of brilliance {unknown}
 p - a potion of curing {unknown}


   Skills:
 - Level 1.5 Fighting
 - Level 3.6 Throwing
 - Level 1.5 Dodging
 - Level 0.3 Stealth
 * Level 8.1 Unarmed Combat
 - Level 3.0 Invocations


You had 6 spell levels left.
You didn't know any spells.
Your spell library contained the following spells:

 Spells                   Type           Power      Damage    Failure   Level
 Magic Dart               Conj           0%         1d3       43%         1
 Searing Ray              Conj           0%         3d3       56%         2
 Dazzling Flash           Conj/Hex       0%         N/A       80%         3
 Fulminant Prism          Conj/Hex       0%         3d6       99%         4
 Iskenderun's Mystic Bla  Conj/Tloc      0%         2d3       99%         4


Dungeon Overview and Level Annotations

Branches:
Dungeon (5/15)             Temple (0/1) D:5           Sewer (visited)

Altars:
Dithmenos
Hepliaklqana
Makhleb
Okawaru
Zin

Annotations:
D:4 Duvessa


Innate Abilities, Weirdness & Mutations

You are too large for most types of armour.
You have claws for hands.
Your natural rate of healing is unusually fast.
You are covered in fur. (AC +1)
You have tough skin. (AC +1)


Message History

You scratch Dowan.
Dowan is heavily wounded.
Dowan hits you with a +0 dagger.
You barely miss Dowan.
Dowan is heavily wounded.
Dowan hits you but does no damage.
You claw Dowan!
You kill Dowan!
Okawaru accepts your kill.
Duvessa screams in rage.
Duvessa goes berserk!
Your Unarmed Combat skill increases to level 8!
You claw Duvessa!
Duvessa is moderately wounded.
Duvessa barely misses you.
You closely miss Duvessa.
Duvessa is moderately wounded.
Duvessa hits you with a +0 rapier.
You scratch Duvessa but do no damage.
Duvessa is moderately wounded.
Duvessa closely misses you.
You closely miss Duvessa.
Duvessa is moderately wounded.
Duvessa hits you with a +0 rapier!! Duvessa hits you with a +0 rapier!
You scratch Duvessa.
Duvessa is moderately wounded.
Duvessa hits you with a +0 rapier.
You closely miss Duvessa.
Duvessa is moderately wounded.
Duvessa closely misses you.
A red film seems to cover your vision as you go berserk!
You feel yourself moving faster!
You feel mighty! Duvessa hits you with a +0 rapier!
* * * LOW HITPOINT WARNING * * *
Duvessa hits you with a +0 rapier!
* * * LOW HITPOINT WARNING * * *
You scratch Duvessa.
Duvessa is moderately wounded.
Duvessa hits you with a +0 rapier!!
You die...

#.# #.# #.# #.# #.# #.#
#.# #.# ####### #.# #.#
#.# #.####......
#.#######.####.#
#......#####
#.....)..†.....#
########
#########.###### #.#
#.#########
#......@e>##############
#########...............
################


You could see Duvessa (berserk).

Vanquished Creatures
  A black bear (D:5)
  An ogre (D:4)
  A phantom (D:4)
  A kobold brigand (D:4)
  A bullfrog (D:2)
  2 water moccasin zombies (D:5)
  Dowan (D:4)
  2 orc priests (D:4)
  A jelly (D:5)
  A hound (D:4)
  An iguana (D:5)
  6 adders
  A white imp (D:5)
  An ufetubus (D:4)
  An adder skeleton (D:4)
  2 worms (D:2)
  15 orcs
  3 endoplasms
  A giant cockroach (D:3)
  8 goblins
  8 hobgoblins
  18 jackals
  10 ball pythons
  5 bats
  5 frilled lizards (Sewer)
  18 kobolds
  4 rats
119 creatures vanquished.

Vanquished Creatures (others)
  34 plants
34 creatures vanquished.

Grand Total: 153 creatures vanquished

Notes
Turn   | Place    | Note
-------+----------+-------------------------------------------
     0 | D:1      | HoaS the Troll Hunter began the quest for the Orb.
     0 | D:1      | Reached XP level 1. HP: 19/19 MP: 0/0
    76 | D:1      | Reached skill level 1 in Unarmed Combat
   163 | D:1      | Reached XP level 2. HP: 24/27 MP: 1/1
   344 | D:1      | Reached skill level 2 in Unarmed Combat
   918 | D:2      | Reached XP level 3. HP: 33/33 MP: 2/2
   951 | D:2      | Noticed a bullfrog
   964 | D:2      | Killed a bullfrog
   965 | D:2      | Reached skill level 4 in Unarmed Combat
   965 | D:2      | Reached XP level 4. HP: 17/41 MP: 3/3
  1108 | D:2      | Found a faded altar of an unknown god.
  1583 | D:3      | Found a burning altar of Makhleb.
  1618 | D:3      | Found an iron altar of Okawaru.
  1641 | D:3      | Reached XP level 5. HP: 48/48 MP: 4/4
  1645 | D:3      | Became a worshipper of Warmaster Okawaru
  1676 | D:3      | Found a glowing drain.
  1686 | Sewer    | Entered a sewer
  2690 | D:3      | Reached skill level 5 in Unarmed Combat
  2711 | D:3      | Found a glowing silver altar of Zin.
  3210 | D:4      | Noticed a phantom
  3213 | D:4      | Reached skill level 1 in Invocations
  3238 | D:4      | Killed a phantom
  3239 | D:4      | Reached XP level 6. HP: 48/55 MP: 4/6
  3265 | D:4      | Found a hazy altar of Hepliaklqana.
  3378 | D:4      | Reached skill level 6 in Unarmed Combat
  3516 | D:4      | Reached * piety under Okawaru
  3758 | D:5      | Entered Level 5 of the Dungeon
  3810 | D:4      | Reached XP level 7. HP: 55/62 MP: 6/8
  3971 | D:5      | Reached skill level 7 in Unarmed Combat
  4010 | D:5      | Found a staircase to the Ecumenical Temple.
  4017 | D:5      | Found a shadowy altar of Dithmenos.
  4105 | D:5      | Identified a scroll of acquirement
  4105 | D:5      | Acquired 876 gold pieces
  4148 | D:5      | Noticed Dowan
  4150 | D:5      | Noticed Duvessa
  4162 | D:4      | Killed Dowan
  4163 | D:4      | Reached skill level 8 in Unarmed Combat
  4170 | D:4      | Mangled by Duvessa

Illustrated notes

Levels and vault maps discovered:
D:1:      lemuel_arrival_tunnels, layout_basic, serial_bayou_pond_e,
          chequers_avenue, serial_bayou_lagoon_a, minmay_misc_feat_rugged
D:2:      layout_loops_ring, hellmonk_ecumenical_altar_zigzags
D:3:      layout_basic, nicolae_overflow_crystal_walls, lemuel_round_altar,
          old_standard_altar, portal_sewer_entry_d, minmay_goblin_outpost
D:4:      cheibrodos_thug_alley, layout_loops_ring, lemuel_tele_altar
D:5:      layout_rooms, grunt_dithmenos_smoke_and_mirrors,
          minmay_temple_entry_gardened_gates, hangedman_decor_growths,
          uniq_duvessa

Skill      XL: |  1  2  3  4  5  6  7 |
---------------+----------------------+-----
Unarmed Combat | 1 2 4 5 6 8 |  8.1
Invocations    | 1 2 3 |  3.0
Fighting       | |  1.5
Throwing       | |  3.6
Dodging        | |  1.5
Stealth        | |  0.3

Action                   |  1- 3 |  4- 6 |  7- 9 || total
-------------------------+-------+-------+-------++-------
Melee: Unarmed           |    83 |   205 |    44 ||   332
       Short sword       |     1 |       |       ||     1
       Punch             |     1 |     2 |       ||     3
Throw: Stone             |     3 |    12 |       ||    15
       Boomerang         |       |     2 |     3 ||     5
       Throwing net      |       |     1 |       ||     1
  Use: Scroll            |       |    12 |     2 ||    14
       Potion            |       |       |     1 ||     1
 Stab: Sleeping          |     1 |     1 |       ||     2
Armor: Robe              |    21 |    49 |     5 ||    75
Dodge: Dodged            |    42 |    93 |    21 ||   156

Table legend: (Time is in decaauts)
 A = Elapsed time spent in this place.
 B = Non-inter-level travel time spent in this place.
 C = Inter-level travel time spent in this place.
 D = Time resting spent in this place.
 E = Time spent auto-exploring this place.
 F = Levels seen in this place.
 G = Mean time per level.
                   A        B        C        D        E       F      G
               +--------+--------+--------+--------+--------+-----+--------+
         Total |   4322 |   4270 |     52 |    221 |   3249 |   6 |  720.3 |
       Dungeon |   3625 |   3573 |     52 |    221 |   2708 |   5 |  725.0 |
         Sewer |    696 |    696 |      0 |      0 |    541 |   1 |  696.0 |
               +--------+--------+--------+--------+--------+-----+--------+

Top non-repeatable levels by time:
     D:4: 890 daAuts
     D:3: 863 daAuts
     D:1: 774 daAuts
     D:2: 731 daAuts
   Sewer: 696 daAuts
     D:5: 365 daAuts
